AoeStats
← brightkidpoprop

Hideout

507918531Analyzed
1v1 RM · 12d ago on Sep 20, 2026· 126m 45s· 2 players
Game mode
Random Map
Map size
Tiny (2 player)
Population
200
Speed
Normal
Resources
Standard
Victory
Conquest
Starting age
Dark Age
Ending age
Imperial Age
RankedLock teamsTeams togetherTeam positionsShared explorationLock speedFull tech treeHidden civsTurbo modeCheats
Victory
Defeat
🇬🇧 Mongols · United Kingdom
1061
+17
🇺🇸 Mongols · United States
1073
-17
leeroy kentins
5:11 Loom
5:21 Loom
9:48 Feudal Age
10:33 Double-Bit Axe
10:31 Horse Collar
17:39 Castle Age
19:39 Bow Saw
20:44 Fletching
21:44 Wheelbarrow
21:22 Heavy Plow
23:25 Town Watch
25:30 Elite Skirmisher
26:36 Ballistics
26:16 Bodkin Arrow
29:49 Padded Archer Armor
31:01 Leather Archer Armor
34:10 Imperial Age
33:35 Hand Cart
34:00 Gold Mining
34:38 Scale Barding Armor
36:57 Light Cavalry
40:00 Bloodlines
41:13 Heavy Camel Rider
45:03 Conscription
46:40 Capped Ram
48:17 Hoardings
48:54 Fortified Wall
51:05 Thumb Ring
53:06 Elite Mangudai
57:34 Husbandry
57:48 Siege Engineers
57:41 Siege Ram
58:27 Hussar
60:08 Gold Shaft Mining
60:57 Masonry
64:52 Town Patrol
65:56 Chemistry
71:10 Forging
71:06 Scale Barding Armor
75:05 Iron Casting
77:05 Blast Furnace
76:26 Chain Barding Armor
79:47 Scale Mail Armor
83:22 Chain Mail Armor
84:30 Squires
84:16 Arson
83:59 Pikeman
84:27 Heavy Camel Rider
86:15 Plate Mail Armor
brightkidpoprop
10:37 Feudal Age
11:29 Double-Bit Axe
11:57 Loom
16:41 Castle Age
14:57 Gold Mining
16:54 Fletching
20:09 Bow Saw
19:56 Bodkin Arrow
21:37 Wheelbarrow
24:03 Gold Shaft Mining
24:33 Horse Collar
26:49 Hand Cart
27:43 Padded Archer Armor
30:20 Leather Archer Armor
30:21 Stone Mining
35:55 Imperial Age
34:22 Thumb Ring
34:48 Ballistics
39:18 Elite Mangudai
42:26 Conscription
43:28 Bracer
46:03 Chemistry
45:11 Siege Engineers
44:29 Onager
48:19 Drill
52:42 Siege Onager
54:31 Light Cavalry
55:21 Bloodlines
55:11 Husbandry
78:12 Hussar
81:39 Parthian Tactics
84:59 Scale Barding Armor
85:04 Forging
86:55 Chain Barding Armor
87:10 Iron Casting
93:09 Blast Furnace
102:25 Town Watch
109:41 Caravan
Connection lost

Rejoining the realm…

Still unreachable

The connection could not be restored.

Session expired

The server has moved on; the page needs a fresh start.